 Dungeon Crawl Stone Soup version 0.29.0-4-gdea44cf6ec (webtiles) character file.

Game seed: 9076244073113153160

21898 qw the Severer (level 11, -7/102 HPs)
             Began as a Minotaur Fighter on Sept 6, 2022.
             Was a Follower of Ru.
             Killed from afar by an oklob plant (33 damage)
             ... with a splash of acid
             ... on level 4 of the Lair of Beasts.
             The game lasted 00:05:14 (14713 turns).

qw the Severer (Minotaur Fighter)                  Turns: 14713, Time: 00:05:15

Health: -7/102     AC: 13    Str: 25    XL:     11   Next: 58%
Magic:  10/10      EV: 14    Int:  5    God:    Ru [*.....]
Gold:   661        SH: 20    Dex: 21    Spells: 10/10 levels left

rFire   + . .      SeeInvis .   Y - +4 war axe
rCold   + . .      Faith    .   k - +2 kite shield
rNeg    . . .      Spirit   .   w - +7 Kryia's mail coat {PotionHeal*2 rC+}
rPois   +          Reflect  +   c - +2 hat
rElec   +          Harm     .   l - +0 cloak
rCorr   .          Rampage  .   m - +0 pair of gloves of the Blue Moon {+Inv rElec rPois Dex+5}
Will    .....                   g - +1 pair of boots
Stlth   ..........              s - amulet of reflection
HPRegen 0.27/turn               f - ring of protection from fire
MPRegen 0.12/turn               p - +6 ring of dexterity

@: corroded
A: horns 2, inexperienced 1, retaliatory headbutt
a: Renounce Religion, Evoke Invisibility


You were on level 4 of the Lair of Beasts.
You worshipped Ru.
Ru was aware of your devotion.
You visited 3 branches of the dungeon, and saw 16 of its levels.

You collected 1069 gold pieces.
You spent 408 gold pieces at shops.


Innate Abilities, Weirdness & Mutations

You have a pair of horns on your head.
You are somewhat inexperienced. (-1 XL)
You reflexively headbutt those who attack you in melee.


   Skills:
 - Level 11.0 Fighting
 - Level 17.0 Axes
 - Level 2.5 Throwing
 - Level 7.2 Armour
 - Level 8.1 Dodging
 + Level 11.4 Shields


You had 10 spell levels left.
You didn't know any spells.
Your spell library was empty.

Inventory:

Hand Weapons
 n - a +1 morningstar of venom
 Y - a +4 war axe (weapon)
Missiles
 u - 4 boomerangs (quivered)
Armour
 c - a +2 hat (worn)
 g - a +1 pair of boots (worn)
 k - a +2 kite shield (worn)
 l - a +0 cloak (worn)
 m - the +0 pair of gloves of the Blue Moon (worn) {+Inv rElec rPois Dex+5}
   (You acquired it on level 4 of the Dungeon)

   Dex:       It affects your dexterity (+5).
   rElec:     It insulates you from electricity.
   rPois:     It protects you from poison.
   +Inv:      It lets you turn invisible.
 w - the +7 Kryia's mail coat (worn) {PotionHeal*2 rC+}
   (You found it on level 6 of the Dungeon)

   Potions are twice as effective at healing its wearer.
   rC:        It protects you from cold.
 z - a +0 plate armour
Jewellery
 a - a ring of willpower
 f - a ring of protection from fire (left hand)
 j - a ring of fire
 p - a +6 ring of dexterity (right hand)
 r - a ring of ice
 s - an amulet of reflection (around neck)
 t - a ring of ice
 x - an amulet of guardian spirit
Scrolls
 b - a scroll of torment {unknown}
 i - 8 scrolls of teleportation
 v - 12 scrolls of identify
Potions
 d - 3 potions of might
 e - 4 potions of mutation
 h - a potion of haste
 o - 11 potions of curing
 q - 4 potions of heal wounds

Dungeon Overview and Level Annotations

Branches:
Dungeon (11/15)            Temple (1/1) D:6            Lair (4/5) D:11
 Shoals (0/4) Lair:2       Spider (0/4) Lair:2        Slime (0/5) Lair:4
    Orc (0/2) D:10

Altars:
Ashenzari
Cheibriados
Dithmenos
Elyvilon
Fedhas
Gozag
Hepliaklqana
Kikubaaqudgha
Makhleb
Nemelex Xobeh
Okawaru
Qazlal
Ru
Sif Muna
Trog
Uskayaw
Vehumet
Wu Jian
Xom
Yredelemnul
Zin
The Shining One
Jiyva

Shops:
D:4 *[::!   D:6 =   D:7 [   D:8 [

Annotations:
Lair:3 1 runed translucent door, qw's ghost, journeyman FoCA


Message History

You hit the oklob plant.
The oklob plant is heavily damaged.
You hit the oklob plant.
The oklob plant is severely damaged.
You hit the oklob plant but do no damage.
The oklob plant is severely damaged.
The oklob plant spits acid at you.
The splash of acid reflects off an invisible shield around you!
The splash of acid hits the oklob plant.
The oklob plant completely resists.
You hit the oklob plant.
You headbutt the oklob plant, but do no damage.
The oklob plant is severely damaged.
The oklob plant begins to attack, but is stunned by your conviction!
The oklob plant spits acid at you. The splash of acid hits you!
You hit the oklob plant but do no damage.
You headbutt the oklob plant, but do no damage.
The oklob plant is severely damaged.
You slash the oklob plant!
You headbutt the oklob plant, but do no damage.
The oklob plant is almost destroyed.
The oklob plant begins to attack, but is stunned by your conviction!
You hit the oklob plant.
The oklob plant is almost destroyed.
The oklob plant spits acid at you. The splash of acid hits you!
The oklob plant begins to attack, but is stunned by your conviction!
You completely miss the oklob plant.
The oklob plant is almost destroyed.
The oklob plant spits acid at you.
The splash of acid reflects off an invisible shield around you!
The splash of acid hits the oklob plant.
The oklob plant completely resists.
You hit the oklob plant.
You destroy the oklob plant!
The oklob plant begins to attack, but is stunned by your conviction!
The oklob plant spits acid at you. The splash of acid hits you!!
You die...

######### ##.......####
# ##...........##.#
#.....#.........#
#....####..@_PP.#
#.....#####...>..#
##(.....# ###P..##
#......## #### ###
###.....### ##.# ####
##......### ###.#####...
####.....####...........
###...##.............
###.#...##.##......


You could see 3 oklob plants.

Vanquished Creatures
  Fannar (Lair:1)
  A hydra (Lair:1)
  A cyclops (D:11)
  An oklob plant (Lair:4)
  6 elephants (Lair:4)
  A merfolk siren (Lair:2)
  Joseph (D:8)
  A black mamba (Lair:3)
  2 torpor snails
  An unseen horror (D:11)
  2 rime drakes (Lair:4)
  A kobold demonologist (D:11)
  5 komodo dragons
  6 cane toads
  A polar bear (Lair:2)
  3 dream sheep (Lair:4)
  A jumping spider (Lair:2)
  A shadow (D:11)
  2 wyverns (D:11)
  30 yaks
  3 basilisks
  3 vampire mosquitoes (D:11)
  A steam dragon (D:10)
  Menkaure (D:7)
  A redback (Lair:2)
  Edmund (D:6)
  4 wargs (D:10)
  Duvessa (D:7)
  2 acid dragons
  6 water moccasins
  5 orc warriors
  4 ice beasts
  A sky beast (D:8)
  2 black bears
  2 ogres (D:5)
  10 centaurs
  A phantom (D:4)
  5 kobold brigands (D:11)
  3 bullfrogs (Lair:2)
  A necrophage (D:6)
  2 gnoll sergeants
  3 scorpions
  5 wights (D:9)
  Dowan (D:7)
  3 howler monkeys
  An electric eel (D:10)
  4 hounds
  A gnoll bouda (D:5)
  6 orc priests
  7 iguanas
  6 orc wizards
  5 adders
  12 gnolls
  A shadow imp (D:7)
  2 ufetubi (D:5)
  3 dart slugs
  33 orcs
  4 ball pythons
  A bat (D:2)
  An endoplasm (D:2)
  9 giant cockroaches
  7 goblins
  6 hobgoblins
  8 jackals
  13 kobolds
  2 quokkas
  2 frilled lizards
  3 rats
276 creatures vanquished.

Vanquished Creatures (others)
  A kobold brigand (D:8)
  A kobold (D:8)
  5 fungi
  28 plants
35 creatures vanquished.

Grand Total: 311 creatures vanquished

Notes
Turn   | Place    | Note
-------+----------+-------------------------------------------
     0 | D:1      | qw the Minotaur Fighter began the quest for the Orb.
     0 | D:1      | Reached XP level 1. HP: 19/19 MP: 0/0
     0 | D:1      | 0 ||| qw: Version: 0.1-a-108-g9e35731
     0 | D:1      | 0 ||| qw: Game counter: 6329
     0 | D:1      | 0 ||| qw: Always use a shield: true
     0 | D:1      | 0 ||| qw: God list: Ru
     0 | D:1      | 0 ||| qw: Allow faded altars: false
     0 | D:1      | 0 ||| qw: Do Orc after D:15 true
     0 | D:1      | 0 ||| qw: Do second Lair branch before Depths: true
     0 | D:1      | 0 ||| qw: Lair rune preference: random
     0 | D:1      | 0 ||| qw: Plans: Normal
     0 | D:1      | 0 ||| PLANNING D:1-11
   222 | D:1      | 222 ||| DROPPING +0 club.
   235 | D:1      | Reached skill level 3 in Axes
   431 | D:1      | Reached XP level 2. HP: 26/26 MP: 1/1
   924 | D:1      | Found a faded altar of an unknown god.
   944 | D:1      | 944 ||| UPGRADING to +0 pair of boots.
   949 | D:1      | 949 ||| UPGRADING to +0 chain mail.
   959 | D:1      | 959 ||| DROPPING +0 scale mail.
   960 | D:1      | 960 ||| UPGRADING to +0 cloak.
   965 | D:1      | 965 ||| UPGRADING to ring of protection from fire.
   966 | D:1      | 966 ||| READING 2 scrolls labelled ROMPOVVE TOOKK.
   967 | D:1      | 967 ||| READING scroll labelled MAON BEARYSUUSS.
   968 | D:1      | 968 ||| DRINKING 2 grey potions.
   969 | D:1      | 969 ||| DROPPING scroll of fear.
  1056 | D:2      | Reached skill level 4 in Axes
  1172 | D:2      | Reached XP level 3. HP: 31/31 MP: 2/2
  1176 | D:2      | 1176 ||| Stepping ~*~*~tactically~*~*~ (stealth).
  1306 | D:2      | 1306 ||| Stepping ~*~*~tactically~*~*~ (hiding).
  1539 | D:2      | 1539 ||| DROPPING ring of magical power.
  1540 | D:2      | 1540 ||| READING scroll labelled TEIHYDIOFREFF.
  1720 | D:3      | 1720 ||| Stepping ~*~*~tactically~*~*~ (stealth).
  1734 | D:3      | Reached skill level 5 in Axes
  1990 | D:3      | Reached XP level 4. HP: 39/39 MP: 3/3
  1993 | D:3      | 1993 ||| READING scroll of enchant armour.
  1993 | D:3      | 1993 ||| ENCHANTING +0 pair of boots.
  2194 | D:3      | 2194 ||| Stepping ~*~*~tactically~*~*~ (stealth).
  2265 | D:3      | 2265 ||| UPGRADING to +1 hat.
  2270 | D:3      | 2270 ||| DROPPING amulet of magic regeneration.
  2271 | D:3      | 2271 ||| UPGRADING to amulet of reflection.
  2276 | D:3      | 2276 ||| READING scroll labelled LIMU QEAFF.
  2277 | D:3      | 2277 ||| READING scroll labelled UMOATH SOIW.
  2280 | D:3      | 2280 ||| READING scroll labelled YCWUBUJAME.
  2281 | D:3      | 2281 ||| READING scroll labelled WEYPLA CIMYR.
  2428 | D:4      | Found Ireegg's Distillery.
  2436 | D:4      | 2436 ||| BUYING 2 potions of curing (84 gold).
  2436 | D:4      | Bought 2 potions of curing for 84 gold pieces
  2436 | D:4      | 2436 ||| SHOPLISTING potion of cancellation (112 gold, have
                  | 103).
  2436 | D:4      | 2436 ||| BUYING potion of curing (42 gold).
  2436 | D:4      | Bought a potion of curing for 42 gold pieces
  2436 | D:4      | 2436 ||| BUYING potion of curing (42 gold).
  2436 | D:4      | Bought a potion of curing for 42 gold pieces
  2436 | D:4      | 2436 ||| SHOPLISTING potion of might (56 gold, have 19).
  2436 | D:4      | 2436 ||| SHOPLISTING potion of mutation (112 gold, have
                  | 19).
  2436 | D:4      | 2436 ||| DROPPING +0 mace.
  2442 | D:4      | Found Lafunocuann's Book Emporium.
  2443 | D:4      | Noticed a phantom
  2453 | D:4      | Killed a phantom
  2454 | D:4      | Reached skill level 6 in Axes
  2454 | D:4      | Reached XP level 5. HP: 37/45 MP: 4/4
  2611 | D:4      | 2611 ||| Stepping ~*~*~tactically~*~*~ (stealth).
  2650 | D:4      | 2650 ||| Stepping ~*~*~tactically~*~*~ (stealth).
  2651 | D:4      | 2651 ||| Stepping ~*~*~tactically~*~*~ (stealth).
  2655 | D:4      | Noticed a black bear
  2656 | D:4      | 2656 ||| Stepping ~*~*~tactically~*~*~ (stealth).
  2667 | D:4      | Killed a black bear
  2668 | D:4      | Reached skill level 3 in Dodging
  2699 | D:4      | 2699 ||| READING scroll of enchant weapon.
  2699 | D:4      | 2699 ||| ENCHANTING +1 war axe.
  2761 | D:4      | 2761 ||| DRINKING 2 silvery potions.
  2762 | D:4      | 2762 ||| READING scroll of teleportation.
  2765 | D:4      | Found Ragras's Assorted Antiques.
  2770 | D:4      | 2770 ||| BUYING lumpy purple potion (21 gold).
  2770 | D:4      | Bought a lumpy purple potion for 21 gold pieces
  2770 | D:4      | 2770 ||| SHOPLISTING potion of curing (72 gold, have 42).
  2770 | D:4      | 2770 ||| SHOPLISTING potion of haste (240 gold, have 42).
  2770 | D:4      | 2770 ||| BUYING scroll labelled TIYZOUJ HULIGG (24 gold).
  2770 | D:4      | Bought a scroll labelled TIYZOUJ HULIGG for 24 gold pieces
  2782 | D:4      | 2782 ||| READING scroll of enchant weapon.
  2782 | D:4      | 2782 ||| ENCHANTING +2 war axe.
  2784 | D:4      | Found Picekh's Antique Armour Shop.
  2789 | D:4      | 2789 ||| SHOPLISTING faintly humming troll leather armour
                  | (600 gold, have 18).
  2789 | D:4      | 2789 ||| SHOPLISTING pair of glowing boots (225 gold, have
                  | 18).
  2789 | D:4      | 2789 ||| SHOPLISTING warped gold dragon scales (2550 gold,
                  | have 18).
  2828 | D:4      | Found Wudeutuc's Book Emporium.
  2835 | D:4      | Reached XP level 6. HP: 51/51 MP: 5/5
  2921 | D:4      | 2921 ||| DROPPING +0 flail.
  3125 | D:4      | 3125 ||| DROPPING scarf of harm.
  3126 | D:4      | 3126 ||| READING scroll labelled TIYZOUJ HULIGG.
  3127 | D:4      | 3127 ||| READING scroll labelled MIADIE WOARID.
  3127 | D:4      | Identified a scroll of acquirement
  3127 | D:4      | 3127 ||| ACQUIRING +0 pair of gloves of the Blue Moon {+Inv
                  | rElec rPois Dex+5}
  3127 | D:4      | Acquired the +0 pair of gloves of the Blue Moon {+Inv rElec
                  | rPois Dex+5}
  3129 | D:4      | 3129 ||| UPGRADING to +0 pair of gloves of the Blue Moon
                  | {+Inv rElec rPois Dex+5}.
  3134 | D:4      | 3134 ||| DRINKING 2 lumpy purple potions.
  3143 | D:5      | Entered Level 5 of the Dungeon
  3144 | D:5      | 3144 ||| PLANNING OSSUARY
  3157 | D:5      | Found an opulent altar of Gozag.
  3159 | D:5      | Noticed an ice beast
  3168 | D:5      | Killed an ice beast
  3169 | D:5      | Reached skill level 7 in Axes
  3355 | D:5      | 3355 ||| Stepping ~*~*~tactically~*~*~ (stealth).
  3389 | D:5      | Reached skill level 8 in Axes
  3389 | D:5      | Reached XP level 7. HP: 29/60 MP: 6/6
  3649 | D:5      | 3649 ||| Stepping ~*~*~tactically~*~*~ (stealth).
  3667 | D:5      | Reached skill level 9 in Axes
  3757 | D:5      | 3757 ||| RIP OSSUARY
  3801 | D:5      | 3801 ||| PLANNING D:1-11
  4180 | D:5      | Reached skill level 10 in Axes
  4180 | D:5      | Reached XP level 8. HP: 68/68 MP: 7/7
  4375 | D:5      | 4375 ||| READING scroll labelled EGIF FITSEK.
  4376 | D:5      | 4376 ||| DRINKING 2 cyan potions.
  4377 | D:5      | 4377 ||| READING 2 scrolls of identify.
  4377 | D:5      | 4377 ||| IDENTIFYING lumpy ruby potion
  4378 | D:5      | 4378 ||| DROPPING potion of brilliance.
  4427 | D:6      | Found a snail-covered altar of Cheibriados.
  4469 | D:6      | Noticed Edmund
  4479 | D:6      | Killed Edmund
  4537 | D:6      | Found the +7 Kryia's mail coat {PotionHeal*2 rC+}
  4546 | D:6      | 4546 ||| Stepping ~*~*~tactically~*~*~ (stealth).
  4704 | D:6      | Found Wual's Jewellery Emporium.
  4710 | D:6      | 4710 ||| SHOPLISTING +6 ring of strength (504 gold, have
                  | 134).
  4710 | D:6      | 4710 ||| SHOPLISTING ring of ice (350 gold, have 134).
  4710 | D:6      | 4710 ||| SHOPLISTING ring of protection from cold (350
                  | gold, have 134).
  4852 | D:6      | Found a staircase to the Ecumenical Temple.
  4853 | D:6      | 4853 ||| PLANNING TEMPLE
  4853 | D:6      | 4853 ||| UPGRADING to +7 Kryia's mail coat {PotionHeal*2
                  | rC+}.
  4863 | D:6      | 4863 ||| DROPPING +0 chain mail.
  4864 | D:6      | 4864 ||| READING scroll labelled LEONOA GUOSS.
  4873 | Temple   | Entered the Ecumenical Temple
  4947 | Temple   | 4947 ||| PLANNING D:1-11
  5006 | D:6      | Reached skill level 6 in Fighting
  5176 | D:6      | 5176 ||| Stepping ~*~*~tactically~*~*~ (stealth).
  5225 | D:6      | 5225 ||| READING 2 scrolls of identify.
  5225 | D:6      | 5225 ||| IDENTIFYING fizzy ruby potion
  5226 | D:6      | 5226 ||| DROPPING potion of ambrosia.
  5276 | D:7      | Found a shimmering blue altar of Sif Muna.
  5363 | D:7      | Reached skill level 11 in Axes
  5371 | D:7      | Found Tauczoutz's Armour Emporium.
  5517 | D:7      | Found a blossoming altar of Fedhas.
  5548 | D:7      | Noticed Duvessa
  5548 | D:7      | Noticed Dowan
  5549 | D:7      | 5549 ||| Stepping ~*~*~tactically~*~*~ (hiding).
  5558 | D:7      | Killed Duvessa
  5560 | D:7      | 5560 ||| Stepping ~*~*~tactically~*~*~ (hiding).
  5562 | D:7      | Killed Dowan
  5759 | D:7      | 5759 ||| Stepping ~*~*~tactically~*~*~ (stealth).
  5761 | D:7      | Noticed Menkaure
  5770 | D:7      | Killed Menkaure
  5771 | D:7      | Reached XP level 9. HP: 40/75 MP: 8/8
  5776 | D:7      | 5776 ||| Stepping ~*~*~tactically~*~*~ (stealth).
  5787 | D:7      | 5787 ||| Stepping ~*~*~tactically~*~*~ (stealth).
  5788 | D:7      | 5788 ||| Stepping ~*~*~tactically~*~*~ (stealth).
  5836 | D:7      | 5836 ||| Stepping ~*~*~tactically~*~*~ (stealth).
  5872 | D:7      | 5872 ||| Stepping ~*~*~tactically~*~*~ (stealth).
  6140 | D:7      | Reached skill level 12 in Axes
  6148 | D:7      | 6148 ||| READING 2 scrolls of identify.
  6148 | D:7      | 6148 ||| IDENTIFYING lumpy yellow potion
  6149 | D:7      | 6149 ||| DROPPING potion of lignification.
  6295 | D:8      | Found Pujiw's Antique Armour Shoppe.
  6298 | D:8      | 6298 ||| BUYING glowing kite shield (195 gold).
  6298 | D:8      | Bought a glowing kite shield for 195 gold pieces
  6298 | D:8      | 6298 ||| SHOPLISTING shiny plate armour (676 gold, have
                  | 33).
  6305 | D:8      | 6305 ||| Stepping ~*~*~tactically~*~*~ (hiding).
  6314 | D:8      | 6314 ||| Stepping ~*~*~tactically~*~*~ (stealth).
  6322 | D:8      | 6322 ||| Stepping ~*~*~tactically~*~*~ (stealth).
  6324 | D:8      | 6324 ||| Stepping ~*~*~tactically~*~*~ (hiding).
  6464 | D:8      | 6464 ||| Stepping ~*~*~tactically~*~*~ (hiding).
  6483 | D:8      | 6483 ||| FLEEEEING.
  6484 | D:8      | 6484 ||| FLEEEEING.
  6485 | D:8      | 6485 ||| FLEEEEING.
  6486 | D:8      | 6486 ||| FLEEEEING.
  6487 | D:8      | 6487 ||| FLEEEEING.
  6488 | D:8      | 6488 ||| FLEEEEING.
  6489 | D:8      | 6489 ||| FLEEEEING.
  6490 | D:8      | 6490 ||| FLEEEEING.
  6491 | D:8      | 6491 ||| FLEEEEING.
  6492 | D:8      | 6492 ||| FLEEEEING.
  6493 | D:8      | 6493 ||| FLEEEEING.
  6494 | D:8      | 6494 ||| FLEEEEING.
  6495 | D:8      | 6495 ||| FLEEEEING.
  6505 | D:8      | 6505 ||| FLEEEEING.
  6512 | D:8      | 6512 ||| FLEEEEING.
  6513 | D:8      | 6513 ||| FLEEEEING.
  6514 | D:8      | 6514 ||| FLEEEEING.
  6515 | D:8      | 6515 ||| FLEEEEING.
  6516 | D:8      | 6516 ||| FLEEEEING.
  6517 | D:8      | 6517 ||| FLEEEEING.
  6520 | D:8      | 6520 ||| FLEEEEING.
  6521 | D:8      | 6521 ||| FLEEEEING.
  6523 | D:8      | 6523 ||| FLEEEEING.
  6528 | D:8      | 6528 ||| FLEEEEING.
  6529 | D:8      | 6529 ||| FLEEEEING.
  6530 | D:8      | 6530 ||| FLEEEEING.
  6531 | D:8      | 6531 ||| FLEEEEING.
  6534 | D:8      | 6534 ||| FLEEEEING.
  6537 | D:8      | 6537 ||| FLEEEEING.
  6538 | D:8      | 6538 ||| FLEEEEING.
  6539 | D:8      | 6539 ||| FLEEEEING.
  6540 | D:8      | 6540 ||| FLEEEEING.
  6541 | D:8      | 6541 ||| FLEEEEING.
  6620 | D:8      | 6620 ||| READING scroll of enchant weapon.
  6620 | D:8      | 6620 ||| ENCHANTING +3 war axe.
  6631 | D:8      | Noticed Joseph
  6632 | D:8      | 6632 ||| Stepping ~*~*~tactically~*~*~ (hiding).
  6643 | D:8      | Killed Joseph
  6644 | D:8      | Reached skill level 13 in Axes
  6768 | D:8      | 6768 ||| Stepping ~*~*~tactically~*~*~ (stealth).
  6770 | D:8      | 6770 ||| Stepping ~*~*~tactically~*~*~ (stealth).
  7045 | D:8      | 7045 ||| Stepping ~*~*~tactically~*~*~ (stealth).
  7047 | D:8      | 7047 ||| Stepping ~*~*~tactically~*~*~ (hiding).
  7150 | D:8      | 7150 ||| UPGRADING to +2 kite shield.
  7160 | D:8      | 7160 ||| DROPPING +0 buckler.
  7161 | D:8      | 7161 ||| READING scroll labelled MATITH FAIDEA.
  7162 | D:8      | 7162 ||| READING scroll labelled DUOGIO MI TACZEGO.
  7163 | D:8      | 7163 ||| DRINKING 2 smoky green potions.
  7164 | D:8      | 7164 ||| READING 2 scrolls of identify.
  7164 | D:8      | 7164 ||| IDENTIFYING bubbling silvery potion
  7165 | D:8      | 7165 ||| DROPPING potion of attraction.
  7166 | D:8      | 7166 ||| DROPPING potion of berserk rage.
  7227 | D:9      | 7227 ||| Stepping ~*~*~tactically~*~*~ (hiding).
  7447 | D:9      | Reached skill level 6 in Shields
  7558 | D:9      | 7558 ||| Stepping ~*~*~tactically~*~*~ (hiding).
  7793 | D:9      | Reached XP level 10. HP: 80/86 MP: 9/9
  7999 | D:9      | 7999 ||| DRINKING 9 potions of curing.
  7999 | D:9      | 7999 ||| (to cure confusion)
  8267 | D:9      | Found a hide-covered altar of Uskayaw.
  8272 | D:9      | Found a sacrificial altar of Ru.
  8274 | D:9      | Found an ancient bone altar of Kikubaaqudgha.
  8276 | D:9      | Became a worshipper of Ru the Awakened
  8279 | D:9      | Found a glowing silver altar of Zin.
  8337 | D:9      | 8337 ||| DROPPING +2 pair of gloves.
  8363 | D:10     | Entered Level 10 of the Dungeon
  8501 | D:10     | 8501 ||| Stepping ~*~*~tactically~*~*~ (hiding).
  8503 | D:10     | 8503 ||| Stepping ~*~*~tactically~*~*~ (hiding).
  8534 | D:10     | 8534 ||| Stepping ~*~*~tactically~*~*~ (stealth).
  8539 | D:10     | 8539 ||| Stepping ~*~*~tactically~*~*~ (stealth).
  8545 | D:10     | Reached skill level 9 in Shields
  8629 | D:10     | You fall into a shaft and drop 1 floor!
  8629 | D:11     | Found the +8 arc blade {discharge, rElec}
  8652 | D:11     | 8652 ||| Stepping ~*~*~tactically~*~*~ (stealth).
  8670 | D:11     | 8670 ||| Stepping ~*~*~tactically~*~*~ (stealth).
  8699 | D:11     | 8699 ||| Stepping ~*~*~tactically~*~*~ (stealth).
  8712 | D:11     | Reached skill level 14 in Axes
  8758 | D:11     | 8758 ||| Stepping ~*~*~tactically~*~*~ (stealth).
  8800 | D:11     | 8800 ||| Stepping ~*~*~tactically~*~*~ (stealth).
  8905 | D:11     | Found a staircase to the Lair.
  8927 | D:11     | 8927 ||| Stepping ~*~*~tactically~*~*~ (hiding).
  8980 | D:11     | Noticed a cyclops
  8995 | D:11     | Killed a cyclops
  9254 | D:11     | 9254 ||| Stepping ~*~*~tactically~*~*~ (stealth).
  9268 | D:11     | Noticed a sixfirhy
  9273 | D:11     | 9273 ||| Stepping ~*~*~tactically~*~*~ (stealth).
  9274 | D:11     | 9274 ||| Stepping ~*~*~tactically~*~*~ (stealth).
  9291 | D:11     | Reached XP level 11. HP: 94/94 MP: 10/10
  9299 | D:11     | Reached skill level 15 in Axes
  9507 | D:11     | 9507 ||| INVOKING Sacrifice Experience.
  9507 | D:11     | Gained mutation: You are somewhat inexperienced. (-1 XL)
                  | [Ru sacrifice]
  9507 | D:11     | Reached XP level 10. HP: 90/90 MP: 9/9
  9507 | D:11     | Reached * piety under Ru
  9538 | D:11     | 9538 ||| UPGRADING to +2 hat.
  9548 | D:11     | 9548 ||| DROPPING +1 hat.
  9568 | D:10     | 9568 ||| Stepping ~*~*~tactically~*~*~ (hiding).
  9853 | D:10     | Reached skill level 9 in Fighting
  9916 | D:10     | Found a staircase to the Orcish Mines.
  9936 | D:10     | 9936 ||| Stepping ~*~*~tactically~*~*~ (hiding).
  9975 | D:10     | 9975 ||| FLEEEEING.
 10103 | D:10     | Found a white marble altar of Elyvilon.
 10252 | D:10     | Found a bloodstained altar of Trog.
 10252 | D:10     | Found a shadowy altar of Dithmenos.
 10253 | D:10     | Found a broken altar of Ashenzari.
 10305 | D:10     | 10305 ||| DROPPING +0 morningstar.
 10825 | D:11     | 10825 ||| Stepping ~*~*~tactically~*~*~ (hiding).
 10827 | D:11     | 10827 ||| Stepping ~*~*~tactically~*~*~ (hiding).
 10828 | D:11     | 10828 ||| Stepping ~*~*~tactically~*~*~ (hiding).
 10865 | D:11     | 10865 ||| PLANNING LAIR
 10865 | D:11     | 10865 ||| UPGRADING to +6 ring of dexterity.
 10866 | D:11     | 10866 ||| READING 7 scrolls of identify.
 10866 | D:11     | 10866 ||| IDENTIFYING bubbling puce potion
 10867 | D:11     | 10867 ||| DROPPING potion of magic.
 10909 | Lair:1   | Entered Level 1 of the Lair of Beasts
 10913 | Lair:1   | 10913 ||| Stepping ~*~*~tactically~*~*~ (hiding).
 10914 | Lair:1   | 10914 ||| Stepping ~*~*~tactically~*~*~ (hiding).
 10915 | Lair:1   | 10915 ||| Stepping ~*~*~tactically~*~*~ (hiding).
 10921 | Lair:1   | 10921 ||| DRINKING 3 potions of cancellation.
 10923 | Lair:1   | 10923 ||| DRINKING 2 potions of cancellation.
 10925 | Lair:1   | 10925 ||| DRINKING potion of cancellation.
 11180 | Lair:1   | Reached skill level 6 in Dodging
 11308 | Lair:1   | Noticed an eight-headed hydra
 11311 | Lair:1   | 11311 ||| SWAPPING to +1 morningstar of venom.
 11318 | Lair:1   | HP: 17/91 [eight-headed hydra (6)]
 11318 | Lair:1   | HP: 4/91 [eight-headed hydra (7)]
 11319 | Lair:1   | 11319 ||| READING 5 scrolls of teleportation.
 11320 | Lair:1   | 11320 ||| DRINKING 5 potions of heal wounds.
 11322 | Lair:1   | 11322 ||| DRINKING 4 potions of heal wounds.
 11323 | Lair:1   | 11323 ||| SWAPPING to +4 war axe.
 11384 | Lair:1   | Noticed Fannar
 11398 | Lair:1   | Killed Fannar
 11399 | Lair:1   | Reached skill level 16 in Axes
 11560 | Lair:1   | 11560 ||| SWAPPING to +1 morningstar of venom.
 11566 | Lair:1   | Killed an eight-headed hydra
 11567 | Lair:1   | Reached skill level 6 in Armour
 11567 | Lair:1   | 11567 ||| SWAPPING to +4 war axe.
 11966 | Lair:1   | 11966 ||| DROPPING amulet of regeneration.
 11967 | Lair:1   | 11967 ||| READING 2 scrolls labelled RUTSAM NOGORE.
 12068 | Lair:1   | 12068 ||| DROPPING scroll of silence.
 12121 | Lair:2   | 12121 ||| Stepping ~*~*~tactically~*~*~ (hiding).
 12167 | Lair:2   | 12167 ||| Stepping ~*~*~tactically~*~*~ (stealth).
 12168 | Lair:2   | 12168 ||| Stepping ~*~*~tactically~*~*~ (stealth).
 12185 | Lair:2   | 12185 ||| Stepping ~*~*~tactically~*~*~ (stealth).
 12219 | Lair:2   | Found a hole to the Spider Nest.
 12295 | Lair:2   | 12295 ||| INVOKING Reject Sacrifices.
 12676 | Lair:2   | Found a staircase to the Shoals.
 13255 | Lair:3   | Found a runed translucent door.
 13256 | Lair:3   | Noticed qw's ghost (journeyman FoCA)
 13360 | Lair:3   | Reached XP level 11. HP: 97/97 MP: 10/10
 13895 | Lair:4   | 13895 ||| Stepping ~*~*~tactically~*~*~ (stealth).
 13903 | Lair:4   | 13903 ||| FLEEEEING.
 13905 | Lair:4   | Reached skill level 17 in Axes
 13905 | Lair:4   | 13905 ||| STAIRDANCE
 14071 | Lair:4   | 14071 ||| Stepping ~*~*~tactically~*~*~ (hiding).
 14091 | Lair:4   | 14091 ||| Stepping ~*~*~tactically~*~*~ (stealth).
 14347 | Lair:4   | 14347 ||| Stepping ~*~*~tactically~*~*~ (stealth).
 14552 | Lair:4   | 14552 ||| Stepping ~*~*~tactically~*~*~ (stealth).
 14695 | Lair:4   | Found a viscous altar of Jiyva.
 14697 | Lair:4   | Found a staircase to the Slime Pits.
 14713 | Lair:4   | Killed from afar by an oklob plant

Levels and vault maps discovered:
D:1:      dpeg_arrival_simpleton_a, layout_basic, ebering_ecumenical_altar_webs
D:2:      cheibrodos_old_hovel, layout_basic, supply_closet_lemuel
D:3:      layout_loops_ring, minmay_crystal_room,
          minmay_misc_feat_secret_circle, grunt_ministairs_3,
          minmay_starry_boxes
D:4:      layout_basic, serial_shops, kennysheep_little_box, shop,
          nicolae_stop_n_shop_1, shop, shop, lemuel_flame_loot_1
D:5:      minmay_thick_lines, layout_basic, grunt_gozag_statues,
          nicolae_ossuary_entry_plus
D:6:      nicolae_BIG_FREAKIN_CUBE, layout_loops_cross,
          mainiacjoe_overflow_brackets, lemuel_temple_firewalk_b, serial_shops,
          nicolae_shop_crystal, minmay_misc_feat_pillars, uniq_edmund
D:7:      layout_loops_cross, overflow_temple_1_default,
          mainiacjoe_overflow_chevrons, serial_shops, nicolae_take_the_stairs,
          uniq_duvessa, uniq_menkaure
D:8:      layout_loops_ring, serial_shops, kennysheep_mini_moat, uniq_joseph
D:9:      layout_basic, minitemple
D:10:     layout_grid_maze, nicolae_elyvilon_temple_path,
          gammafunk_temple_overflow_claw, minmay_orc_entry_guard_dogs,
          minmay_misc_feat_roman
D:11:     layout_roguey, minmay_lair_entry_grove
Temple:   compressed_dpeg_circular_temple
Lair:1:   layout_loops_ring, uniq_fannar
Lair:2:   layout_cellular_growth, minmay_shoals_entry_lonely_mermaid,
          spider_nest_entry_a, serial_bayou_shore_a
Lair:3:   layout_loops_ring, gammafunk_ghost_grave
Lair:4:   layout_loops_ring, minmay_slime_entry_oklob_enclosed,
          nicolae_lair_lil_pond, infiniplex_staircase_pool_2

Skill      XL: |  1  2  3  4  5  6  7  8  9 10 11 |
---------------+----------------------------------+-----
Axes           | 3 4 5 6 8 10 11 13 16 17 | 17.0
Dodging        | 3 4 7 8 |  8.1
Fighting       | 4 5 6 7 9 11 | 11.0
Armour         | 4 6 7 |  7.2
Throwing       | 2 |  2.5
Shields        | 4 8 10 11 | 11.4

Action                   |  1- 3 |  4- 6 |  7- 9 | 10-12 || total
-------------------------+-------+-------+-------+-------++-------
Melee: War axe           |    67 |    79 |   225 |   429 ||   800
       Headbutt          |     8 |    10 |    44 |   113 ||   175
       Morningstar       |       |       |       |    12 ||    12
Throw: Boomerang         |    22 |    41 |    59 |    60 ||   182
Invok: Sacrifice Experie |       |       |       |     1 ||     1
       Reject Sacrifices |       |       |       |     1 ||     1
  Use: Scroll            |     3 |    10 |     9 |     3 ||    25
       Potion            |     1 |     2 |     2 |     6 ||    11
 Stab: Distracted        |       |       |     1 |       ||     1
Armor: Scale mail        |     4 |       |    43 |   140 ||   187
       Chain mail        |    26 |    29 |    32 |       ||    87
Dodge: Dodged            |    19 |    22 |    63 |   103 ||   207
Block: Buckler           |    12 |    32 |    83 |       ||   127
       Reflection        |       |     2 |    14 |    18 ||    34
       Kite shield       |       |       |    33 |   343 ||   376

Table legend:
 A = Non-vault XP
 B = Vault XP
 C = Vault XP percentage of total XP
 D = Non-vault monster count
 E = Vault monster count
 F = Vault count percentage of total count
                 A         B        C        D         E       F
            +---------+---------+-------+---------+---------+-------
      Total |   25375 |    6428 |  20.2 |     232 |      45 |  16.2
            +---------+---------+-------+---------+---------+-------
        D:1 |      24 |       0 |   0.0 |      12 |       0 |   0.0
        D:2 |      43 |       1 |   2.3 |      11 |       1 |   8.3
        D:3 |      28 |      18 |  39.1 |       7 |      10 |  58.8
        D:4 |     280 |       0 |   0.0 |      18 |       0 |   0.0
        D:5 |     881 |     244 |  21.7 |      24 |       7 |  22.6
        D:6 |     393 |     164 |  29.4 |      12 |       1 |   7.7
        D:7 |     465 |     395 |  45.9 |      12 |       3 |  20.0
        D:8 |     870 |     439 |  33.5 |      27 |       1 |   3.6
        D:9 |    1591 |       0 |   0.0 |      15 |       0 |   0.0
       D:10 |    1841 |     665 |  26.5 |      17 |       4 |  19.0
       D:11 |    3677 |    2223 |  37.7 |      25 |      13 |  34.2
     Lair:1 |    3302 |     896 |  21.3 |      10 |       1 |   9.1
     Lair:2 |    1757 |     863 |  32.9 |      10 |       3 |  23.1
     Lair:3 |     795 |       0 |   0.0 |       2 |       0 |   0.0
     Lair:4 |    9428 |     520 |   5.2 |      30 |       1 |   3.2
            +---------+---------+-------+---------+---------+-------
